 Dungeon Crawl Stone Soup version 0.28-a0-199-g298df9dbad (webtiles) character file.

Game seed: 9688947147213327855

1727382 corpsech the Executioner (level 27, 166/172 HPs)
             Began as a Minotaur Fighter on Aug 20, 2021.
             Was a Follower of Uskayaw.
             Escaped with the Orb
             ... and 3 runes!
             The game lasted 04:03:50 (75931 turns).

corpsech the Executioner (Minotaur Fighter)        Turns: 75931, Time: 04:03:51

Health: 166/172    AC: 41    Str: 42    XL:     27
Magic:  45/45      EV: 20    Int:  7    God:    Uskayaw [*.....]
Gold:   8168       SH: 28    Dex: 12    Spells: 26/26 levels left

rFire   + + +      SeeInvis +   e - +8 broad axe (freeze)
rCold   + + .      Faith    .   D - +0 tower shield
rNeg    + + +      Spirit   .   H - +10 gold dragon scales
rPois   +          Reflect  +   C - +2 hat
rElec   +          Harm     .   g - +0 cloak of the Arcane {+Inv, rN+++ Will+ MP+9 Str-3}
rCorr   .          Rampage  .   U - +2 pair of gloves "Cueshrea" {Int+5}
Will    +++++                   i - +1 pair of boots
Stlth   ..........              b - amulet of Tender Moments {Reflect rC+ SH+5}
HPRegen 0.38/turn               V - ring "Syleli" {rF++ EV+4 Str+9 Int-5}
MPRegen 0.29/turn               L - ring of Voeluel {rElec Will++ Str+6}

@: studying Throwing
A: horns 2, retaliatory headbutt, see invisible, clever 1, deformed body,
deterioration 2, frail 3, strong-willed 1, weak 1, noise suppression, devolution
2
0: Orb of Zot
}: 3/15 runes: decaying, silver, gossamer
a: Renounce Religion, Evoke Invisibility, Stomp


You escaped.
You worshipped Uskayaw.
Uskayaw was greatly pleased with you.
You visited 9 branches of the dungeon, and saw 49 of its levels.
You also visited: Ice Cave, Volcano and Wizlab.

You collected 10411 gold pieces.
You spent 2243 gold pieces at shops.

Inventory:

Hand Weapons
 e - a +8 broad axe of freezing (weapon)
 S - the +9 staff of Olgreb {rPois∞}
   (You acquired it on level 5 of the Vaults)

   If the wielder is skilled in Evocations, they can envenom those struck by it,
   dealing poison damage which bypasses armour.
   It enhances your poison magic.
   It grants immunity to poison.
   It can be evoked to radiate toxic energy, with effectiveness depending on
   Evocations skill.
Missiles
 k - 4 throwing nets (quivered)
Armour
 g - the +0 cloak of the Arcane (worn) {+Inv, rN+++ Will+ MP+9 Str-3}
   (You found it in a wizard's laboratory)

   Str:       It affects your strength (-3).
   rN:        It renders you almost immune to negative energy.
   MP:        It affects your magic capacity (+9).
   Will:      It increases your willpower.
 i - a +1 pair of boots (worn)
 C - a +2 hat (worn)
 D - a +0 tower shield (worn)
 H - +10 gold dragon scales (worn)
 U - the +2 pair of gloves "Cueshrea" (worn) {Int+5}
   (You found it on level 3 of the Vaults)

   Int:       It affects your intelligence (+5).
Jewellery
 b - the amulet of Tender Moments (around neck) {Reflect rC+ SH+5}
   (You acquired it on level 2 of the Realm of Zot)

   [amulet of reflection]

   It reflects blocked missile attacks.
   rC:        It protects you from cold.
   SH:        It affects your SH (+5).
 h - the ring of Ashenzari's Regard {rPois rC+ Will+}
   (You took it off a deep elf sorcerer on level 5 of the Vaults)

   [ring of willpower]

   rC:        It protects you from cold.
   rPois:     It protects you from poison.
   Will:      It increases your willpower.
 n - the ring "Gaplehy" {rF+ rN+ AC+4 Str-4}
   (You found it on level 5 of the Vaults)

   [ring of protection]

   AC:        It affects your AC (+4).
   Str:       It affects your strength (-4).
   rF:        It protects you from fire.
   rN:        It protects you from negative energy.
 u - a ring of flight
 J - the ring "Wempej" {rF- rN+ Str+3 Slay+5}
   (You found it on level 2 of the Realm of Zot)

   [ring of positive energy]

   Str:       It affects your strength (+3).
   Slay:      It affects your accuracy & damage with ranged weapons and melee
   (+5).
   rF:        It makes you vulnerable to fire.
   rN:        It protects you from negative energy.
 K - a ring of protection from cold
 L - the ring of Voeluel (right hand) {rElec Will++ Str+6}
   (You acquired it on level 3 of the Crypt)

   [ring of strength]

   Str:       It affects your strength (+6).
   rElec:     It insulates you from electricity.
   Will:      It greatly increases your willpower.
 Q - a +6 ring of dexterity
 V - the ring "Syleli" (left hand) {rF++ EV+4 Str+9 Int-5}
   (You took it off a vault guard on level 5 of the Vaults)

   [ring of evasion]

   EV:        It affects your evasion (+4).
   Str:       It affects your strength (+9).
   Int:       It affects your intelligence (-5).
   rF:        It greatly protects you from fire.
 Z - the ring "Xosyuw" {rCorr AC+4 Str+4 SInv}
   (You found it on level 2 of the Realm of Zot)

   [ring of protection]

   AC:        It affects your AC (+4).
   Str:       It affects your strength (+4).
   SInv:      It lets you see invisible.
   rCorr:     It protects you from acid and corrosion.
Wands
 c - a wand of digging (3)
 m - a wand of flame (131)
 p - a wand of iceblast (31)
 r - a wand of mindburst (38)
 t - a wand of paralysis (63)
 v - a wand of acid (35)
 G - a wand of polymorph (35)
Scrolls
 o - 10 scrolls of fog
 q - 13 scrolls of teleportation
 x - a scroll of magic mapping
 y - a scroll of amnesia
 E - 12 scrolls of fear
 I - a scroll of silence
 N - 7 scrolls of blinking
 T - 35 scrolls of identify
 X - 2 scrolls of enchant armour
Potions
 a - 2 potions of mutation
 d - 2 potions of might
 f - 11 potions of lignification
 l - 2 potions of flight
 s - 6 potions of curing
 w - 8 potions of attraction
 z - 11 potions of brilliance
 A - a potion of resistance
 B - a potion of haste
 F - 3 potions of invisibility
 M - 4 potions of magic
 R - a potion of cancellation
 W - 3 potions of ambrosia
Miscellaneous
 P - a condenser vane


   Skills:
 - Level 20.0 Fighting
 - Level 25.0 Axes
 - Level 25.0 Armour
 - Level 20.0 Dodging
 - Level 25.0 Shields
 + Level 21.9 Invocations


You had 26 spell levels left.
You didn't know any spells.
Your spell library contained the following spells:

 Spells                   Type           Power      Damage    Failure   Level
 Animate Skeleton         Necr           0%         N/A       87%         1
 Freeze                   Ice            0%         1d3       87%         1
 Magic Dart               Conj           0%         1d3       87%         1
 Pain                     Necr           0%         1d4       87%         1
 Blink                    Tloc           N/A        N/A       95%         2
 Corpse Rot               Necr/Air       N/A        N/A       95%         2
 Ensorcelled Hibernation  Hex/Ice        0%         N/A       95%         2
 Passwall                 Tmut/Erth      0%         N/A       95%         2
 Searing Ray              Conj           0%         3d3       95%         2
 Slow                     Hex            0%         N/A       95%         2
 Static Discharge         Conj/Air       0%         N/A       95%         2
 Sublimation of Blood     Necr           0%         N/A       95%         2
 Wereblood                Tmut           0%         N/A       95%         2
 Call Canine Familiar     Summ           0%         N/A       99%         3
 Confusing Touch          Hex            0%         N/A       99%         3
 Conjure Flame            Conj/Fire      0%         6-21      99%         3
 Frozen Ramparts          Ice            0%         1d2       99%         3
 Gell's Gravitas          Tloc           0%         N/A       99%         3
 Lesser Beckoning         Tloc           0%         N/A       99%         3
 Ozocubu's Armour         Ice            0%         N/A       99%         3
 Portal Projectile        Hex/Tloc       0%         N/A       99%         3
 Spider Form              Tmut/Pois      0%         N/A       99%         3
 Swiftness                Air            0%         N/A       99%         3
 Teleport Other           Tloc           0%         N/A       99%         3
 Vampiric Draining        Necr           0%         2d6       99%         3
 Airstrike                Air            0%         N/A       100%        4
 Dispel Undead            Necr           0%         3d6       100%        4
 Fulminant Prism          Conj/Hex       0%         3d6       100%        4
 Hailstorm                Conj/Ice       0%         3d3       100%        4
 Ice Form                 Ice/Tmut       0%         N/A       100%        4
 Iskenderun's Mystic Bla  Conj/Tloc      0%         2d3       100%        4
 Leda's Liquefaction      Hex/Erth       0%         N/A       100%        4
 Passage of Golubria      Tloc           N/A        N/A       100%        4
 Petrify                  Tmut/Erth      0%         N/A       100%        4
 Sticky Flame             Conj/Fire      0%         2d3       100%        4
 Summon Ice Beast         Ice/Summ       0%         N/A       100%        4
 Summon Lightning Spire   Summ/Air       0%         N/A       100%        4
 Blade Hands              Tmut           0%         N/A       100%        5
 Bolt of Magma            Conj/Fire/Erth 0%         4d4       100%        5
 Borgnjor's Vile Clutch   Necr/Erth      0%         N/A       100%        5
 Irradiate                Conj/Tmut      0%         3d13      100%        5
 Iskenderun's Battlesphe  Conj           0%         2d6       100%        5
 Lightning Bolt           Conj/Air       0%         1d11      100%        5
 Manifold Assault         Tloc           0%         N/A       100%        5
 Metabolic Englaciation   Hex/Ice        0%         N/A       100%        5
 Summon Forest            Summ/Tloc      0%         N/A       100%        5
 Yara's Violent Unravell  Hex/Tmut       0%         3d3       100%        5
 Conjure Ball Lightning   Conj/Air       0%         3x3d6     100%        6
 Death Channel            Necr           0%         N/A       100%        6
 Dispersal                Tloc           0%         N/A       100%        6
 Invisibility             Hex            0%         N/A       100%        6
 Iron Shot                Conj/Erth      0%         9d1       100%        6
 Shadow Creatures         Summ           N/A        N/A       100%        6
 Simulacrum               Ice/Necr       0%         N/A       100%        6
 Statue Form              Tmut/Erth      0%         N/A       100%        6
 Dragon Form              Tmut           0%         N/A       100%        7
 Ozocubu's Refrigeration  Ice            0%         4d5       100%        7
 Spellforged Servitor     Conj/Summ      0%         N/A       100%        7
 Storm Form               Tmut/Air       0%         N/A       100%        7
 Summon Hydra             Summ           0%         N/A       100%        7
 Chain Lightning          Conj/Air       0%         N/A       100%        9


Dungeon Overview and Level Annotations

Branches:
Dungeon (15/15)            Temple (0/1) D:7            Lair (6/6) D:10
  Swamp (4/4) Lair:2       Spider (4/4) Lair:4        Slime (0/5) Lair:6
    Orc (2/2) D:9             Elf (0/3) Orc:2        Vaults (5/5) D:13
  Crypt (3/3) Vaults:2       Tomb (0/3) Crypt:3      Depths (5/5) D:15
    Zot (5/5) Depths:5      IceCv (visited)         Volcano (visited)
 WizLab (visited)

Altars:
Cheibriados
Dithmenos
Elyvilon
Fedhas
Gozag
Kikubaaqudgha
Makhleb
Okawaru
Qazlal
Ru
Trog
Uskayaw
Xom
Yredelemnul
Zin
The Shining One
Jiyva

Shops:
D:9 *   D:15 **(*   Orc:2 (!?!   Depths:5 ((

Portals:
Hell: Depths:1 Depths:2 Depths:3 Depths:4 Depths:5
Abyss: Depths:4 Depths:5
Pandemonium: Depths:3
Ziggurat: Depths:2
Trove: Depths:4 (give +4 ice dragon scales)

Annotations:
D:9 1 runed translucent door, exclusion: orange crystal statue
D:11 3 runed translucent doors, RandomusNamus's ghost, novice DrBe
Lair:4 exclusion: 2 oklob plants
Swamp:2 1 runed translucent door, dolemite99's ghost, adept HOFi
Orc:1 2 transporters, Cionis's ghost, journeyman DEAE
Depths:4 1 transporter


Innate Abilities, Weirdness & Mutations

You have a pair of horns on your head.
You reflexively headbutt those who attack you in melee.
You have supernaturally acute eyesight. (SInv)
Your mind is acute. (Int +2)
Armour fits poorly on your strangely shaped body.
Your body often deteriorates upon taking damage.
You are extremely frail. (-30% HP)
You are strong-willed. (Will+)
You are weak. (Str -2)
You passively dampen the noise of your surroundings.
You have terrible hidden genetic defects.


Message History

A large abomination comes into view.
There is a stone staircase leading up here.
You climb upwards.
There is a stone staircase leading down here.
(D) Dungeon (T) Temple (L) Lair (S) Swamp (N) Spider Nest (M) Slime Pits (O) Orcish Mines (E) Elven Halls (V) Vaults (C) Crypt (W) Tomb (U) Depths (H) Hell (Z) Zot
Where to? (Enter - D:1, ? - help)
A lorocyproca comes into view.
There is a stone staircase leading up here.
You climb upwards.
There is a stone staircase leading down here.
A green death comes into view.
The green death gestures at you. The blast of poison engulfs you.
You are poisoned.
You resist.
You feel sick.
You feel sick. You block the green death's attack.
You cut the green death into ribbons!!! You freeze the green death.
Your headbutt misses the green death.
The green death is severely wounded.
You feel sick.
You slice the green death!! You freeze the green death.
You kill the green death!
You feel sick.
You feel sick.
You feel sick.
You feel sick.
(D) Dungeon (T) Temple (L) Lair (S) Swamp (N) Spider Nest (M) Slime Pits (O) Orcish Mines (E) Elven Halls (V) Vaults (C) Crypt (W) Tomb (U) Depths (H) Hell (Z) Zot
Where to? (Enter - D:1 @ (x,y), ? - help)
You feel sick.
You are no longer poisoned.
You see here 11 stones.
There is a staircase leading out of the dungeon here.
You have escaped!

#.##....°§.≈..........#.##.
#.####.....○○..######.#.##. #.#
#..#...#..# #.#..#. #.#
#.........# #.##.#. #.#
#.........# #.##.#. ##°##
#..#...#..# #.##.#.
##..°###.........# ##......
#..°#.##.........# ##.......
#####....###....@....####...##.##
...........###########.........#
#####...####.(.......####...####
##..# ##.......## ##†## #####.#
##.....## #.###### #.....#
##...#### #....... #.#####
##.....# #.###### #.# #.###.# #.#
##.##### #.# #.# #.#


There were no monsters in sight!

Vanquished Creatures
  2 dread liches
  4 orbs of fire
  An ancient lich (Zot:5)
  A juggernaut (Depths:5)
  Sojobo (Crypt:2)
  Bai Suzhen (Vaults:5)
  A Killer Klown (Zot:3)
  2 shard shrikes (Zot:2)
  2 curse toes
  8 golden dragons
  2 bone dragons
  Arachne (Spider:3)
  A profane servitor (Crypt:3)
  A Brimstone Fiend (Depths:2)
  3 electric golems
  Jorgrun (D:15)
  19 tentacled monstrosities
  5 liches
  2 Hell Sentinels
  18 Orb Guardians
  5 quicksilver dragons
  An eldritch tentacle (WizLab)
  5 titans
  3 death cobs
  2 ancient champions
  6 sphinxes
  11 shadow dragons
  3 thorn hunters
  Agnes (Spider:2)
  An Executioner (D:15)
  Frances (Swamp:1)
  7 tengu reavers
  3 draconian knights
  15 storm dragons
  2 fire giants
  A draconian monk (Zot:3)
  A revenant (Crypt:1)
  A fenstrider witch (Swamp:3)
  21 frost giants
  6 ghost moths
  Aizul (Vaults:3)
  4 draconian stormcallers (Depths:5)
  3 deep elf sorcerers
  17 vault wardens
  8 emperor scorpions
  2 balrugs (Depths:1)
  4 draconian scorchers
  A juggernaut zombie (Depths:4)
  3 iron dragons
  An orc warlord (Vaults:4)
  A curse skull (Crypt:2)
  A reaper (Crypt:2)
  5 draconian shifters
  10 ghouls
  53 very ugly things
  11 ironbound preservers
  5 draconian annihilators
  15 stone giants
  2 vampire knights
  15 black draconians
  14 green draconians
  13 white draconians
  3 deep elf demonologists (Vaults:5)
  2 deep elf annihilators (Vaults:5)
  6 bunyips
  14 yellow draconians
  10 red draconians
  Azrael (Orc:2)
  3 entropy weavers
  5 dire elephants
  8 purple draconians
  2 deep elf death magi
  4 spark wasps
  2 ettins (shapeshifter) (Vaults:5)
  2 green deaths
  5 eleionomae
  A crystal guardian (Vaults:4)
  A quicksilver dragon zombie (Crypt:3)
  12 eidola
  9 fire dragons
  18 ettins
  2 blizzard demons
  16 yaktaur captains
  3 shambling mangroves
  A mummy priest (Crypt:3)
  5 jiangshi
  6 deep elf high priests
  7 great orbs of eyes
  2 boulder beetles
  Harold (Lair:1)
  17 ice dragons
  3 rakshasas
  A salamander tyrant (Depths:3)
  34 vault guards
  26 hydras
  5 ironbound thunderhulks
  6 ghost crabs (Swamp:2)
  13 centaur warriors
  4 spriggan air magi
  A peacekeeper (Vaults:4)
  8 ironbound frosthearts
  3 death knights (Crypt:3)
  2 catoblepae
  2 ogre magi
  17 alligators
  7 vampire magi
  16 two-headed ogres
  7 deep troll shamans
  A hell hog (Depths:3)
  3 tengu warriors (D:15)
  5 orc high priests (Orc:2)
  A thrashing horror (WizLab)
  6 ironbound beastmasters
  2 sun demons (Depths:3)
  A storm dragon zombie (Depths:2)
  8 deep troll earth magi
  10 spriggans
  3 titan zombies (Crypt:3)
  9 hell knights
  23 skeletal warriors
  A fire crab (Lair:6)
  2 spriggan berserkers
  Nergalle (Orc:1)
  A golden dragon zombie (Crypt:3)
  2 soul eaters
  5 iron trolls
  A sixfirhy (Depths:3)
  7 goliath frogs
  A death drake (shapeshifter) (Depths:5)
  3 large abominations
  A shadow wraith (Crypt:2)
  2 death drakes (Swamp:3)
  2 starcursed masses (WizLab)
  10 bog bodies
  9 spriggan druids
  A gelid demonspawn (Depths:3)
  47 deep trolls
  A deep troll (shapeshifter) (Depths:4)
  5 glowing orange brains
  8 flayed ghosts
  12 swamp dragons
  An obsidian statue (WizLab)
  A shadow dragon zombie (Crypt:3)
  A golden dragon skeleton (Crypt:1)
  18 phantasmal warriors
  11 lindwurms
  3 wolf spider zombies (Crypt:3)
  An anaconda skeleton (WizLab)
  11 orc knights
  7 harpies
  8 wizards
  A sphinx zombie (Crypt:1)
  18 ironbound convokers
  A lindwurm (shapeshifter) (Depths:5)
  2 orc sorcerers
  4 deep elf pyromancers
  9 necromancers
  15 orb spiders
  2 iron dragon zombies
  A frost giant zombie (Crypt:3)
  5 will-o-the-wisps
  46 wolf spiders
  A worldbinder (WizLab)
  A tengu skeleton (WizLab)
  44 ugly things
  6 salamanders
  23 moths of wrath
  3 manticores
  4 apocalypse crabs (Swamp:2)
  3 black mambas
  9 cyclopes
  A smoke demon (WizLab)
  An elephant (shapeshifter) (Vaults:5)
  6 elephants (Lair:3)
  A guardian serpent (WizLab)
  Joseph (D:9)
  A shock serpent zombie (Crypt:3)
  14 vault sentinels
  A rust devil (Depths:3)
  2 ice statues (IceCv)
  5 molten gargoyles (Volcano)
  3 gargoyles
  An eye of devastation (shapeshifter) (Vaults:5)
  16 cane toads
  6 torpor snails
  A hellion (Depths:3)
  2 kobold demonologists (D:12)
  4 unseen horrors
  11 rime drakes
  An efreet (D:14)
  18 demonic crawlers
  10 komodo dragons
  An emperor scorpion zombie (Crypt:3)
  7 freezing wraiths
  A guardian mummy (Crypt:3)
  4 tengu conjurers
  32 yaktaurs
  A spark wasp simulacrum (Depths:2)
  3 red devils
  A green draconian skeleton (Crypt:2)
  40 jumping spiders
  2 harpy zombies (Crypt:3)
  4 trolls
  A human skeleton (WizLab)
  A polar bear (Lair:6)
  11 tyrant leeches
  7 slime creatures
  2 hydra zombies (Crypt:3)
  28 hornets
  A hydra skeleton (Crypt:1)
  5 dream sheep (Lair:6)
  24 blink frogs
  A slime creature (shapeshifter) (Crypt:2)
  An alligator zombie (Crypt:3)
  A guardian serpent zombie (Crypt:2)
  A stone giant simulacrum (Vaults:4)
  A centaur simulacrum (D:15)
  3 wyverns
  102 redbacks
  59 yaks
  An elf simulacrum (Depths:2)
  2 ushabtiu (Crypt:3)
  2 shadows (D:9)
  3 ynoxinuls
  A black mamba skeleton (Crypt:1)
  A redback (shapeshifter) (D:15)
  Grum (D:8)
  49 tarantellas
  An ettin skeleton (WizLab)
  9 wraiths
  6 basilisks
  18 humans (D:13)
  14 vampire mosquitoes
  4 fire elementals
  A neqoxec (Depths:3)
  7 steam dragons
  Menkaure (D:6)
  A swamp worm (shapeshifter) (Vaults:1)
  A chaos spawn (Crypt:2)
  3 spatial vortices (WizLab)
  11 swamp worms
  5 wargs
  4 hell hounds
  15 water moccasins
  38 orc warriors
  3 acid dragons
  A sky beast (D:3)
  11 swamp drakes
  4 ice beasts
  4 black bears
  16 necrophages
  3 small abominations
  A boggart (WizLab)
  8 ogres
  17 wolves
  4 centaurs
  A hog zombie (Crypt:1)
  5 phantoms
  5 kobold brigands
  18 bullfrogs
  2 scorpions
  A draconian skeleton (Crypt:2)
  6 wyvern skeletons (Crypt:3)
  A shapeshifter zombie (Crypt:1)
  A water moccasin skeleton (D:4)
  4 lindwurm simulacra (IceCv)
  4 wights
  An electric eel (Spider:4)
  3 killer bees
  A yak skeleton (Crypt:2)
  6 howler monkeys
  6 centaur zombies
  3 hounds
  6 jellies
  7 komodo dragon simulacra (IceCv)
  27 orc priests
  2 bullfrog skeletons
  A centaur skeleton (D:6)
  Ijyb (D:4)
  9 iguanas
  19 orc wizards
  A hell rat (Crypt:2)
  A killer bee zombie (Crypt:1)
  Robin (D:4)
  2 howler monkey zombies
  3 gnolls (Orc:2)
  6 acid dragon simulacra (IceCv)
  7 adders
  3 shadow imps
  3 white imps
  2 ufetubi (Vaults:4)
  4 steam dragon simulacra (IceCv)
  An adder skeleton (Crypt:2)
  4 worms
  A worm (shapeshifter) (Vaults:4)
  3 dart slugs
  A dart slug (shapeshifter) (Vaults:5)
  70 orcs
  3 endoplasms
  2 giant cockroaches
  8 goblins
  10 hobgoblins
  2 quokkas
  4 ball pythons
  6 bats
  4 frilled lizards
  A goblin skeleton (Crypt:1)
  29 kobolds
  2 quokka skeletons (Crypt:2)
  6 rats
  A spectral kobold (D:1)
  5 briar patches (Swamp:3)
  A bush (D:10)
  A lurking horror (WizLab)
2198 creatures vanquished.

Vanquished Creatures (collateral kills)
  A draconian annihilator (Zot:5)
1 creature vanquished.

Vanquished Creatures (others)
  A fire giant (Zot:3)
  A yellow draconian (Zot:5)
  A purple draconian (Zot:1)
  A rakshasa (Depths:2)
  A hell hog (Depths:3)
  A swamp dragon (Swamp:2)
  A spriggan druid (Swamp:2)
  A necromancer (Depths:1)
  2 bloated husks
  A jumping spider (Spider:1)
  A swamp worm (Swamp:2)
  A spatial vortex (WizLab)
  An acid dragon (D:13)
  A necrophage (Crypt:2)
  21 foxfires
  26 fungi
  42 plants
  10 withered plants
114 creatures vanquished.

Grand Total: 2313 creatures vanquished

Notes
Turn   | Place    | Note
-------+----------+-------------------------------------------
     0 | D:1      | corpsech the Minotaur Fighter began the quest for the Orb.
     0 | D:1      | Reached XP level 1. HP: 19/19 MP: 0/0
   119 | D:1      | Reached XP level 2. HP: 26/26 MP: 1/1
   614 | D:1      | Reached skill level 1 in Dodging
   806 | D:1      | Found a faded altar of an unknown god.
  1308 | D:2      | Reached XP level 3. HP: 31/31 MP: 2/2
  1861 | D:3      | Reached XP level 4. HP: 23/39 MP: 3/3
  2474 | D:3      | Noticed a sky beast
  2481 | D:3      | Killed a sky beast
  2482 | D:3      | Reached skill level 5 in Armour
  2482 | D:3      | Reached XP level 5. HP: 25/45 MP: 4/4
  2701 | D:3      | Reached skill level 5 in Shields
  2825 | D:4      | Noticed Ijyb
  2841 | D:4      | Noticed a phantom
  2867 | D:3      | Killed a phantom
  2868 | D:3      | Reached XP level 6. HP: 47/51 MP: 5/5
  2907 | D:4      | Killed Ijyb
  2939 | D:4      | Reached skill level 5 in Axes
  3120 | D:4      | Noticed Robin
  3138 | D:4      | Killed Robin
  3180 | D:4      | Reached XP level 7. HP: 52/57 MP: 6/6
  3404 | D:4      | Found a glowing golden altar of the Shining One.
  3464 | D:4      | Found a stormy altar of Qazlal.
  3519 | D:5      | Entered Level 5 of the Dungeon
  3792 | D:5      | Reached skill level 5 in Dodging
  3992 | D:5      | Found a large runed translucent door.
  3992 | D:5      | Found a large runed translucent door.
  4201 | D:5      | Found a burning altar of Makhleb.
  4444 | D:5      | Found a white marble altar of Elyvilon.
  4456 | D:5      | Found a sacrificial altar of Ru.
  4584 | D:6      | Killed an unseen horror
  4585 | D:6      | Reached XP level 8. HP: 47/64 MP: 7/7
  4685 | D:6      | Reached skill level 10 in Axes
  4902 | D:6      | Noticed Menkaure
  4919 | D:6      | Killed Menkaure
  4920 | D:6      | Reached XP level 9. HP: 70/70 MP: 8/8
  5128 | D:6      | Found a hide-covered altar of Uskayaw.
  5150 | D:6      | Became a worshipper of Uskayaw the Reveller
  5260 | D:6      | Reached * piety under Uskayaw
  5272 | D:6      | Reached ** piety under Uskayaw
  5945 | D:6      | Reached *** piety under Uskayaw
  5949 | D:6      | Reached **** piety under Uskayaw
  6095 | D:6      | Found a shimmering altar of Xom.
  6218 | D:7      | Found a staircase to the Ecumenical Temple.
  6497 | D:7      | Noticed a two-headed ogre
  6562 | D:7      | Killed a two-headed ogre
  6563 | D:7      | Reached skill level 5 in Fighting
  6579 | D:7      | Found a basalt altar of Yredelemnul.
  6706 | D:7      | Reached XP level 10. HP: 81/81 MP: 9/9
  6846 | D:7      | Reached ***** piety under Uskayaw
  6915 | D:7      | Noticed a two-headed ogre
  6922 | D:7      | Killed a two-headed ogre
  6948 | D:7      | Reached ****** piety under Uskayaw
  6959 | D:7      | Noticed a two-headed ogre
  6969 | D:7      | Killed a two-headed ogre
  6970 | D:7      | Noticed a purple ugly thing
  6991 | D:7      | Killed a purple ugly thing
  6992 | D:7      | Reached skill level 15 in Axes
  7602 | D:7      | Found a blossoming altar of Fedhas.
  7866 | D:8      | Found a glowing silver altar of Zin.
  7976 | D:8      | Found an iron altar of Okawaru.
  8070 | D:8      | Found an opulent altar of Gozag.
  8127 | D:8      | Noticed Grum
  8133 | D:8      | Reached XP level 11. HP: 79/86 MP: 10/10
  8188 | D:8      | Killed Grum
  8385 | D:9      | Found Ypojet's Assorted Antiques.
  8385 | D:9      | Noticed a two-headed ogre
  8409 | D:8      | Killed a two-headed ogre
  8410 | D:8      | Reached skill level 10 in Armour
  8533 | D:9      | Noticed a two-headed ogre
  8578 | D:8      | HP: 4/86 [two-headed ogre (16)]
  8579 | D:8      | Killed a two-headed ogre
  8729 | D:9      | Noticed Joseph
  8742 | D:9      | Killed Joseph
  8856 | D:9      | Found a runed translucent door.
  8871 | D:9      | Found a runed translucent door.
  8891 | D:9      | Found a runed translucent door.
  8942 | D:9      | Noticed an orange crystal statue
  8964 | D:9      | Found a runed translucent door.
  9139 | D:9      | Found a staircase to the Orcish Mines.
  9195 | D:10     | Entered Level 10 of the Dungeon
  9412 | D:10     | You fall into a shaft and drop 1 floor!
  9426 | D:11     | Found a runed translucent gate.
  9427 | D:11     | Found a runed translucent gate.
  9428 | D:11     | Found a runed translucent gate.
  9429 | D:11     | Noticed RandomusNamus's ghost (novice DrBe)
  9429 | D:11     | Noticed a tengu warrior
  9430 | D:11     | Noticed a deep elf pyromancer
  9991 | D:10     | Found a staircase to the Lair.
 10004 | D:10     | Reached XP level 12. HP: 80/94 MP: 11/11
 10066 | D:10     | Identified a scroll of acquirement
 10066 | D:10     | Acquired a manual of Dodging
 10174 | D:11     | Noticed a two-headed ogre
 10180 | D:11     | Killed a two-headed ogre
 10820 | D:12     | Noticed a catoblepas
 10846 | D:12     | Reached skill level 10 in Dodging
 10860 | D:12     | Killed a catoblepas
 11159 | D:13     | Reached skill level 10 in Shields
 11552 | D:13     | Reached XP level 13. HP: 79/107 MP: 12/12
 11578 | D:13     | Found a gate to the Vaults.
 12440 | D:14     | Found a shadowy altar of Dithmenos.
 12728 | Lair:1   | Entered Level 1 of the Lair of Beasts
 12728 | Lair:1   | Noticed Harold
 12736 | Lair:1   | Killed Harold
 13751 | Lair:2   | Found a staircase to the Swamp.
 13786 | Lair:2   | Found a dark tunnel.
 13795 | Volcano  | Entered a volcano
 13929 | Volcano  | Reached skill level 10 in Fighting
 13975 | Volcano  | Noticed a red draconian
 14004 | Volcano  | Killed a red draconian
 14009 | Volcano  | Reached XP level 14. HP: 78/121 MP: 13/13
 14055 | Volcano  | Noticed an orb of fire
 14164 | Volcano  | Noticed an orb of fire
 15134 | Lair:3   | Reached skill level 15 in Dodging
 15999 | Lair:4   | Found a hole to the Spider Nest.
 16898 | Lair:5   | Identified the +0 scale mail of Hangman {Rampage +Blink}
 17545 | Lair:6   | Entered Level 6 of the Lair of Beasts
 17561 | Lair:6   | Reached skill level 15 in Armour
 17589 | Lair:6   | Found a viscous altar of Jiyva.
 17590 | Lair:6   | Found a staircase to the Slime Pits.
 17746 | Lair:6   | Found a frozen archway.
 17760 | IceCv    | Entered an ice cave
 18608 | Lair:6   | Reached XP level 15. HP: 127/130 MP: 14/14
 19342 | Lair:6   | Identified the +7 falchion of Yklush {flame, Will+}
 19384 | Lair:6   | Found a runed translucent door.
 19815 | D:9      | Bought a steaming chain mail for 237 gold pieces
 19815 | D:9      | Identified the +2 chain mail of the Tormentor {Str+7} (You
                  | bought it in a shop on level 9 of the Dungeon)
 20467 | D:15     | Entered Level 15 of the Dungeon
 20481 | D:15     | Noticed Jorgrun
 20511 | D:15     | Killed Jorgrun
 20609 | D:15     | Found Fitiu's General Store.
 20613 | D:15     | Bought a scroll of teleportation for 51 gold pieces
 20613 | D:15     | Bought a scroll of blinking for 127 gold pieces
 20743 | D:15     | Found Odieged's Antique Weapon Shop.
 20858 | D:15     | Found Bomorhets's Assorted Antiques.
 20866 | D:15     | Bought an embroidered cloak for 225 gold pieces
 20983 | D:15     | Found Sudututotu's Assorted Antiques.
 20986 | D:15     | Bought a scroll of enchant armour for 270 gold pieces
 20986 | D:15     | Bought a potion of heal wounds for 180 gold pieces
 21020 | D:15     | Found a staircase to the Depths.
 21020 | D:15     | Noticed a frost giant
 21028 | D:15     | Killed a frost giant
 21367 | D:15     | Identified the +2 robe of Vampiric Thralls {Int+2}
 21488 | Orc:1    | Entered Level 1 of the Orcish Mines
 21498 | Orc:1    | Noticed Nergalle
 21509 | Orc:1    | Killed Nergalle
 21659 | Orc:2    | Entered Level 2 of the Orcish Mines
 21665 | Orc:2    | Paralysed by an orc sorcerer for 5 turns
 22114 | Orc:1    | Noticed Cionis's ghost (journeyman DEAE)
 22122 | Orc:1    | Found a transporter.
 22122 | Orc:1    | Found a bloodstained altar of Trog.
 22130 | Orc:1    | Found a transporter.
 22580 | Orc:2    | Noticed Azrael
 22674 | Orc:2    | Killed Azrael
 22734 | Orc:2    | Found a staircase to the Elven Halls.
 23237 | Orc:2    | Reached XP level 16. HP: 138/144 MP: 15/15
 23921 | Orc:2    | Gained mutation: You are clumsy. (Dex -2) [a neqoxec]
 24054 | Orc:2    | Lost mutation: You are clumsy. (Dex -2) [potion of
                  | mutation]
 24054 | Orc:2    | Gained mutation: Your spells are a little harder to cast,
                  | but a little more powerful. [potion of mutation]
 24054 | Orc:2    | Lost intelligence.
 24054 | Orc:2    | Gained mutation: You are dopey. (Int -2) [potion of
                  | mutation]
 24054 | Orc:2    | Gained mutation: You are frail. (-10% HP) [potion of
                  | mutation]
 24057 | Orc:2    | Lost mutation: Your spells are a little harder to cast, but
                  | a little more powerful. [potion of mutation]
 24057 | Orc:2    | Lost mutation: You are frail. (-10% HP) [potion of
                  | mutation]
 24057 | Orc:2    | Gained mutation: You sometimes lose the ability to read
                  | scrolls when taking damage. [potion of mutation]
 24758 | Orc:2    | Found Iten's Distillery.
 24760 | Orc:2    | Found Gikk's Distillery.
 24760 | Orc:2    | Found Dotic's Magic Scroll Shop.
 24761 | Orc:2    | Found Botaf's Weapon Boutique.
 24774 | Orc:2    | Bought 2 scrolls of enchant weapon for 210 gold pieces
 24774 | Orc:2    | Bought a scroll of teleportation for 42 gold pieces
 24774 | Orc:2    | Bought a scroll of blinking for 105 gold pieces
 24774 | Orc:2    | Bought a scroll of magic mapping for 49 gold pieces
 24774 | Orc:2    | Bought a scroll of teleportation for 42 gold pieces
 24774 | Orc:2    | Bought a scroll of teleportation for 42 gold pieces
 24774 | Orc:2    | Bought a scroll of teleportation for 42 gold pieces
 24775 | Orc:2    | Bought a potion of curing for 51 gold pieces
 24775 | Orc:2    | Bought a potion of curing for 51 gold pieces
 24775 | Orc:2    | Bought 2 potions of haste for 340 gold pieces
 24775 | Orc:2    | Bought a potion of curing for 51 gold pieces
 24779 | Orc:2    | Bought a potion of heal wounds for 80 gold pieces
 24779 | Orc:2    | Bought a potion of curing for 48 gold pieces
 25028 | Spider:1 | Entered Level 1 of the Spider Nest
 25750 | Spider:1 | Identified the +0 robe of the Six of Wands {+Blink}
 27058 | Spider:2 | Noticed Agnes
 27078 | Spider:2 | Killed Agnes
 27468 | Spider:2 | Reached skill level 15 in Shields
 27488 | Spider:3 | Reached skill level 15 in Fighting
 27524 | Spider:3 | Lost mutation: You sometimes lose the ability to read
                  | scrolls when taking damage. [potion of mutation]
 27524 | Spider:3 | Lost mutation: You are dopey. (Int -2) [potion of mutation]
 27524 | Spider:3 | Gained mutation: You have supernaturally acute eyesight.
                  | (SInv) [potion of mutation]
 27524 | Spider:3 | Gained mutation: You passively dampen the noise of your
                  | surroundings. [potion of mutation]
 27524 | Spider:3 | Gained mutation: You are strong-willed. (Will+) [potion of
                  | mutation]
 27524 | Spider:3 | Gained mutation: Your mind is acute. (Int +2) [potion of
                  | mutation]
 28021 | Spider:3 | Paralysed by a hornet for 3 turns
 28029 | Spider:3 | Reached XP level 17. HP: 142/156 MP: 16/16
 28962 | Spider:4 | Entered Level 4 of the Spider Nest
 29123 | Spider:4 | Noticed Arachne
 29287 | Spider:3 | Killed Arachne
 31187 | Spider:4 | Got a gossamer rune of Zot
 31565 | Swamp:1  | Entered Level 1 of the Swamp
 31893 | Swamp:1  | Reached XP level 18. HP: 163/163 MP: 17/17
 32217 | Swamp:1  | Noticed Frances
 32482 | Swamp:1  | Killed Frances
 33604 | Swamp:2  | Got Jagru Leu's Volume of Ashen Air
 33842 | Swamp:2  | Found a runed translucent door.
 33842 | Swamp:2  | Noticed dolemite99's ghost (adept HOFi)
 33882 | Swamp:2  | Found a runed translucent door.
 36724 | Swamp:3  | Noticed a tentacled monstrosity
 36737 | Swamp:3  | Killed a tentacled monstrosity
 37084 | Swamp:4  | Entered Level 4 of the Swamp
 37678 | Swamp:4  | Reached XP level 19. HP: 151/170 MP: 18/18
 37979 | Swamp:4  | Got a decaying rune of Zot
 39143 | Vaults:1 | Entered Level 1 of the Vaults
 39688 | Vaults:1 | Identified the +5 scale mail "Datyeg" {Fly Str+3}
 40952 | Vaults:2 | Found a staircase to the Crypt.
 40952 | Vaults:2 | Found a basalt altar of Yredelemnul.
 40952 | Vaults:2 | Found an ancient bone altar of Kikubaaqudgha.
 42532 | Vaults:3 | Reached XP level 20. HP: 182/182 MP: 19/19
 42601 | Vaults:3 | Noticed Aizul
 42621 | Vaults:3 | Killed Aizul
 43011 | Vaults:3 | Reached XP level 21. HP: 189/189 MP: 19/23
 43581 | Vaults:3 | Identified the +2 pair of gloves "Cueshrea" {Int+5}
 44299 | Vaults:4 | Found a magical portal.
 44319 | WizLab   | Entered The Roulette of Golubria
 44319 | WizLab   | Found a transporter.
 44323 | WizLab   | Found the +2 cloak of the Thief {*Fog Slay-2 SInv Stlth+}
 44323 | WizLab   | Found a corrupted altar of Lugonu.
 44421 | WizLab   | Found a corrupted altar of Lugonu.
 44430 | WizLab   | Found a transporter.
 44430 | WizLab   | Found a transporter.
 44560 | WizLab   | Found a transporter.
 44711 | WizLab   | Found a transporter.
 44816 | WizLab   | Found a transporter.
 44845 | WizLab   | Found a transporter.
 44882 | WizLab   | Found a corrupted altar of Lugonu.
 44966 | WizLab   | Found a transporter.
 45016 | WizLab   | Found a transporter.
 45117 | WizLab   | Found a transporter.
 45141 | WizLab   | Found a transporter.
 45141 | WizLab   | Found a transporter.
 45176 | WizLab   | Found a transporter.
 45193 | WizLab   | Found a transporter.
 45195 | WizLab   | Gained mutation: You are frail. (-10% HP) [a neqoxec]
 45197 | WizLab   | Gained mutation: You are weak. (Str -2) [a neqoxec]
 45199 | WizLab   | Gained mutation: You occasionally shout uncontrollably at
                  | your foes. [a neqoxec]
 45207 | WizLab   | Identified the +0 cloak of the Arcane {+Inv, rN+++ Will+
                  | MP+9 Str-3}
 45218 | WizLab   | Identified the +2 cloak of Defiance {+Inv, *Corrode Int+8}
 45222 | WizLab   | Identified the +0 cloak of Shrieking Leaves {+Inv Int+8
                  | Dex-3}
 45234 | WizLab   | Got Golubria's Tome of Translocation
 45272 | WizLab   | Found a transporter.
 45504 | WizLab   | Found a transporter.
 45504 | WizLab   | Found a transporter.
 45556 | WizLab   | Found a transporter.
 45556 | WizLab   | Found a transporter.
 47517 | Vaults:4 | Identified the +3 glaive of Temperance {protect, rN++
                  | Int-2}
 47888 | Crypt:1  | Entered Level 1 of the Crypt
 48505 | Crypt:1  | Identified the +10 rapier of the Crypt {protect, rPois rC-
                  | rCorr Int-4}
 48897 | Crypt:2  | Reached XP level 22. HP: 180/180 MP: 24/24
 49055 | Crypt:2  | Noticed Sojobo
 49073 | Crypt:2  | Paralysed by an air elemental for 1 turns
 49102 | Crypt:2  | Paralysed by an air elemental for 1 turns
 49107 | Crypt:2  | Paralysed by an air elemental for 1 turns
 49111 | Crypt:2  | Paralysed by an air elemental for 1 turns
 49736 | Depths:1 | Entered Level 1 of the Depths
 49939 | Depths:1 | HP: 6/181 [frost giant/bolt of cold (38)]
 50313 | Depths:1 | Found a gateway to Hell.
 51123 | Depths:1 | You fall into a shaft and drop 1 floor!
 51193 | Depths:2 | Noticed a golden dragon
 51214 | Depths:2 | Killed a golden dragon
 51724 | Depths:2 | Found the +6 Majin-Bo {vamp, MP+6 Int+6}
 51858 | Depths:2 | Found a gateway to a ziggurat.
 51987 | Depths:1 | Found a white marble altar of Elyvilon.
 52398 | Depths:2 | Found an iron altar of Okawaru.
 53603 | Depths:3 | Reached XP level 23. HP: 176/193 MP: 25/25
 54753 | Depths:3 | Found a one-way gate leading to the halls of Pandemonium.
 55516 | Depths:4 | Found a one-way gate to the infinite horrors of the Abyss.
 55802 | Depths:4 | Found a transporter.
 55902 | Depths:4 | Found the +5 robe of Night {Dark Will+ SInv}
 56281 | Depths:4 | Found a portal to a secret trove of treasure.
 56899 | Depths:4 | Found a basalt altar of Yredelemnul.
 57018 | Depths:4 | Found a transporter.
 58262 | Crypt:2  | Killed Sojobo
 58578 | Crypt:2  | Found a runed translucent gate.
 58578 | Crypt:2  | Found a runed translucent gate.
 58578 | Crypt:2  | Found a runed translucent gate.
 59474 | Crypt:2  | Acquired 1049 gold pieces
 59504 | Crypt:3  | Entered Level 3 of the Crypt
 59865 | Crypt:3  | Found a basalt altar of Yredelemnul.
 60264 | Crypt:3  | Reached XP level 24. HP: 195/201 MP: 25/25
 61111 | Crypt:3  | Found a staircase to the Tomb.
 61169 | Crypt:3  | Acquired the ring of Voeluel {rElec Will++ Str+6}
 61575 | Crypt:3  | Reached XP level 25. HP: 181/207 MP: 27/27
 61576 | Crypt:3  | Reached XP level 26. HP: 189/215 MP: 28/28
 62191 | Vaults:5 | Entered Level 5 of the Vaults
 62472 | Vaults:5 | Noticed a dread lich
 62547 | Vaults:4 | Killed a dread lich
 63341 | Vaults:5 | Identified the ring of Ashenzari's Regard {rPois rC+ Will+}
 63425 | Vaults:5 | Got Yphuteef's Grimoire of Scorching Lightness
 63427 | Vaults:5 | Got a silver rune of Zot
 63817 | Vaults:5 | Noticed a dread lich
 63827 | Vaults:5 | Killed a dread lich
 63941 | Vaults:5 | Reached XP level 27. HP: 206/221 MP: 28/28
 64564 | Vaults:5 | Identified the ring "Syleli" {rF++ EV+4 Str+9 Int-5}
 64785 | Vaults:5 | Acquired the +9 staff of Olgreb {rPois∞}
 64785 | Vaults:5 | Found the +9 staff of Olgreb {rPois∞}
 65238 | Vaults:5 | Noticed Bai Suzhen
 65253 | Vaults:5 | Killed Bai Suzhen
 65508 | Vaults:5 | Identified the ring "Gaplehy" {rF+ rN+ AC+4 Str-4}
 65880 | Depths:5 | Entered Level 5 of the Depths
 66032 | Depths:5 | Found a gate to the Realm of Zot.
 66439 | Depths:5 | Found Toikh's Antique Weapon Shoppe.
 66444 | Depths:5 | Found Oloyd's Weapon Shoppe.
 66652 | Depths:5 | Noticed a juggernaut
 66664 | Depths:5 | Killed a juggernaut
 66822 | Depths:5 | Found a snail-covered altar of Cheibriados.
 67129 | Zot:1    | Entered Level 1 of the Realm of Zot
 67591 | Zot:1    | Reached skill level 10 in Invocations
 69012 | Zot:2    | Identified the ring "Xosyuw" {rCorr AC+4 Str+4 SInv}
 69411 | Zot:2    | Acquired the amulet of Tender Moments {Reflect rC+ SH+5}
 69660 | Zot:2    | Identified the ring "Wempej" {rF- rN+ Str+3 Slay+5}
 69824 | Zot:3    | Reached skill level 15 in Invocations
 71033 | Zot:3    | You fall into a shaft and drop 1 floor!
 73344 | Zot:5    | Entered Level 5 of the Realm of Zot
 73631 | Zot:5    | Noticed an orb of fire
 73631 | Zot:5    | Noticed an orb of fire
 73631 | Zot:5    | Gained mutation: Your body sometimes deteriorates upon
                  | taking damage. [an orb of fire]
 73632 | Zot:5    | Noticed an orb of fire
 73644 | Zot:4    | Killed an orb of fire
 73985 | Zot:4    | Killed an orb of fire
 74163 | Zot:5    | Gained mutation: You are very frail. (-20% HP) [an orb of
                  | fire]
 74280 | Zot:5    | Gained mutation: Your body often deteriorates upon taking
                  | damage. [an orb of fire]
 74281 | Zot:5    | Gained mutation: Armour fits poorly on your strangely
                  | shaped body. [an orb of fire]
 74286 | Zot:5    | Killed an orb of fire
 74951 | Zot:5    | Noticed an orb of fire
 74952 | Zot:5    | Noticed an orb of fire
 74952 | Zot:5    | Noticed an ancient lich
 74957 | Zot:5    | Noticed an orb of fire
 74957 | Zot:5    | Noticed an orb of fire
 74957 | Zot:5    | Noticed a dread lich
 74958 | Zot:5    | Gained mutation: You have hidden genetic defects. [an orb
                  | of fire]
 74959 | Zot:5    | Noticed an ancient lich
 74961 | Zot:5    | Gained mutation: You have terrible hidden genetic defects.
                  | [hidden defects]
 74964 | Zot:5    | Got the Orb of Zot
 74972 | Zot:5    | Noticed a dread lich
 74972 | Zot:5    | HP: 4/196 [Killer Klown/klown pie (19)]
 74973 | Zot:5    | Noticed an ancient lich
 74987 | Zot:5    | Killed an ancient lich
 74988 | Zot:5    | Killed an orb of fire
 74992 | Zot:5    | Gained mutation: You are extremely frail. (-30% HP) [an orb
                  | of fire]
 75001 | Zot:5    | Lost mutation: You occasionally shout uncontrollably at
                  | your foes. [an orb of fire]
 75263 | Zot:1    | Noticed a seraph
 75931 | D:$      | Escaped with the Orb!

Illustrated notes

Levels and vault maps discovered:
D:1:      shiori_arrival_oz, layout_loops_corners,
          dreamdust_ecumenical_altar_drowned_temple
D:2:      layout_basic
D:3:      layout_basic
D:4:      layout_basic, nicolae_qazlal_scattered_showers, tso_oasis_becter,
          uniq_robin, uniq_ijyb
D:5:      layout_basic, makhleb_heckhound_becter, jmf_multi_god_temple2
D:6:      minmay_clustersquares, layout_basic, nicolae_uskayaw_dance_studio,
          tgw_xom, serial_curves, eino_curves_02, eino_curves_04, uniq_menkaure
D:7:      minmay_the_grid_plus_closed [minmay_the_grid_gridbox,
          minmay_the_grid_expand, minmay_the_grid_large_cup,
          minmay_the_grid_minigrid_medium, minmay_the_grid_prize_inner_circle],
          layout_layer_cave, mainiacjoe_overflow_alcove_4, fedhas_altar_3
D:8:      layout_rooms, nicolae_overflow_hidden_temple,
          mainiacjoe_overflow_tiny_flanked, lemuel_round_altar, uniq_grum
D:9:      layout_gridville, david_orc_3, serial_shops,
          nicolae_shop_overgrown_old_shop, minmay_statue_crystal_thing,
          uniq_joseph
D:10:     layout_basic, erik_lair_orcish_takeover, minmay_hedge_maze
D:11:     layout_long_grid, gammafunk_ghost_split, grunt_ministairs_1
D:12:     layout_basic, solitary_fountain, argonaut_gorgonesque
D:13:     layout_cave_pods, grunt_vaults_entry_tiered, minmay_misc_feat_alley
D:14:     minmay_recursive_quarters, layout_irregular_city,
          nicolae_dithmenos_the_darkroom, serial_rivers,
          chequers_serial_rivers_small_3, chequers_serial_rivers_large_a,
          chequers_serial_rivers_micro_c, chequers_serial_rivers_room_a
D:15:     grunt_enter_depths_snipers, layout_loops_cross, serial_bayou_shore_b,
          serial_shops, nicolae_shop_behind_doors, nicolae_shop_statue_plus,
          shop, shop_fountains, uniq_jorgrun
Lair:1:   layout_roguey, nicolae_lair_grove_arrangements, grunt_megastairs_1,
          uniq_harold
Lair:2:   layout_regular_city, swamp_mist_pool, nicolae_volcano_entry_vermiform,
          chequers_serial_rivers_micro_a, serial_bayou_crossing
Lair:3:   layout_regular_city, grunt_forest_stairs_basic,
          nicolae_quartered_pool_super, disabler_island
Lair:4:   layout_loops_ring, spider_nest_entry_rubble, minmay_lair_oklob_chamber
Lair:5:   layout_regular_city, serial_bayou_pond_e, grunt_megastairs_4
Lair:6:   wormcave, layout_gridlike, guppyfry_lair_end_dragon, slime_altar_1,
          portal_ice_cave_rime, lemuel_fruit_tree
Swamp:1:  layout_basic_swamp, evilmike_swamp_ruin_house_2, swamp_pool3,
          nicolae_swamp_bean_lake, infiniplex_staircase_pool, uniq_frances
Swamp:2:  gammafunk_mikee_crab_dinner, layout_basic_swamp,
          gammafunk_ghost_grave, evilmike_swamp_ruin_house_6
Swamp:3:  nzn_winding_woodlands_small [nzn_winding_woodlands_5x15_twine,
          nzn_winding_woodlands_center_pierced_h,
          nzn_winding_woodlands_5x15_sawtooth], layout_basic_swamp,
          evilmike_swamp_ruin_house_1
Swamp:4:  swamp_alternative, layout_basic_swamp, swamp_pool2
Spider:1: layout_spider_delve, hangedman_spider_tarantella_strand
Spider:2: layout_spider_delve, uniq_agnes
Spider:3: nicolae_spider_hilbert_zone_4 [nicolae_spider_hilbert_4_sides_2_open,
          nicolae_spider_hilbert_4_sides_1_open,
          nicolae_spider_hilbert_4_sides_1_open,
          nicolae_spider_hilbert_4_sides_1_open,
          nicolae_spider_hilbert_4_sides_1_open,
          nicolae_spider_hilbert_2_sides_1_open,
          nicolae_spider_hilbert_2_sides_1_open,
          nicolae_spider_hilbert_2_sides_1_open,
          nicolae_spider_hilbert_2_sides_1_open,
          nicolae_spider_hilbert_6_sides_1_open,
          nicolae_spider_hilbert_6_sides_1_open,
          nicolae_spider_hilbert_3_sides_1_open,
          nicolae_spider_hilbert_3_sides_1_open]
Spider:4: grunt_spider_rune_circles, nicolae_arachne_temple
Orc:1:    layout_caves, gammafunk_ghost_wrathful_warriors, uniq_nergalle
Orc:2:    st_orc_pillars, layout_caves, uniq_azrael
Vaults:1: ontoclasm_vaults_ring_square, ontoclasm_vaults_shuriken,
          nicolae_vaults_specimen_jars, v_misc_32, vaults_mumra_chevron,
          nicolae_vaults_asterisk, v_misc_18, v_misc_4, layout_vaults_ring
Vaults:2: v_alt_pattern_4, v_rooms_4, minmay_crypt_entry_necro_gods,
          vaults_mumra_bighexcomb, nicolae_vaults_little_squares_3,
          ontoclasm_vaults_ligature, v_alt_pattern_6, layout_vaults_omnigrid
Vaults:3: v_pattern_1, vaults_room_large_hall, ontoclasm_vaults_bender,
          vaults_room_grid, nicolae_vaults_circle_grid_b,
          nicolae_vaults_circle_grid_b, vaults_room_fancy_cross,
          nicolae_vaults_gold_heap, layout_vaults_omnicross, uniq_aizul
Vaults:4: serial_ice_h, v_misc_14, nicolae_vaults_network_periphery, v_misc_12,
          nicolae_vaults_sealed_display, v_misc_4, v_misc_5, vaults_mumra_hex,
          nicolae_vaults_little_squares_6, nicolae_vaults_little_squares_1,
          layout_vaults_big_room, mu_enter_wizlab_4
Vaults:5: serial_shops, uniq_bai_suzhen
Crypt:1:  layout_basic, serial_glass, glass_columns_a, glass_columns_a,
          glass_columns_b, glass_columns_a, glass_columns_b, glass_columns_a
Crypt:2:  layout_regular_city, pandoras_box_mu, uniq_sojobo
Crypt:3:  evilmike_haunted_forest
Depths:1: kennysheep_large_spiral, layout_basic, pf_dread_powers_of_hell,
          hangedman_decor_points, elyvilon_altar_1
Depths:2: minmay_guarded_unrand_majin_bo, layout_gridlike, enter_ziggurat_b,
          hell_entry, serial_glass, glass_columns_a, glass_columns_b,
          glass_columns_a, glass_columns_a, glass_columns_a, glass_columns_a,
          glass_columns_a, glass_columns_b, chequers_decorated_corner,
          drop_trap, okawaru_ov_weapons_minmay, minmay_staircase_bubble
Depths:3: minmay_chopped_fan, layout_cave_pools, roderic_lattice_a, hellmouth_1,
          grunt_pan_entry_in_and_out, infiniplex_staircase_hallway_doors
Depths:4: gammafunk_its_a_trap, layout_honeycomb, hangedman_tar_grid_catacomb,
          nicolae_trove_entry_isolated, hangedman_abyss_entry_splay,
          lemuel_zombie_altar_yredelemnul
Depths:5: evilmike_zot_entry_argh, layout_gridlike, abyss_entry,
          cheibriados_altar_1, hell_entry, hangedman_abyss_or_decor_stagger,
          minmay_shop_star
Zot:1:    layout_cellular_growth
Zot:2:    minmay_elemental_castle, layout_basic
Zot:3:    hangedman_zot_vaults_quadrants, layout_cathedral_of_symmetry
Zot:4:    layout_concentric_octagons
Zot:5:    layout_cathedral_of_symmetry, lemuel_lake_of_fire

Skill      XL: |  1  2  3  4  5  6  7  8  9 10 11 12 13 14 15 16 17 18 19 20 21 22 23 24 25 26 27 |
---------------+----------------------------------------------------------------------------------+-----
Shields        | 4 5 8 10 11 13 15 17 20 21 22 23 25 | 25.0
Dodging        | 1 2 3 4 5 8 11 13 16 17 18 20 | 20.0
Armour         | 4 5 6 9 10 11 13 15 16 20 21 23 25 | 25.0
Axes           | 3 4 5 9 11 14 15 16 17 18 19 20 21 23 25 | 25.0
Fighting       | 5 7 10 11 13 15 16 17 20 | 20.0
Invocations    | 4 6 8 21 | 21.9

Action                   |  1- 3 |  4- 6 |  7- 9 | 10-12 | 13-15 | 16-18 | 19-21 | 22-24 | 25-27 || total
-------------------------+-------+-------+-------+-------+-------+-------+-------+-------+-------++-------
Melee: War axe           |    75 |    14 |       |   385 |   982 |   125 |       |       |       ||  1581
       Headbutt          |    10 |    14 |    78 |   122 |   250 |   398 |   286 |   399 |   432 ||  1989
       Whip              |       |    91 |   352 |   166 |       |       |       |       |       ||   609
       Morningstar       |       |       |       |       |    79 |   190 |   118 |       |       ||   387
       Broad axe         |       |       |       |       |       |  1237 |   876 |  1392 |  1234 ||  4739
Throw: Throwing net      |       |       |       |       |       |     1 |       |       |       ||     1
Invok: Line Pass         |       |       |       |       |       |     1 |       |       |     2 ||     3
       Grand Finale      |       |       |       |       |       |       |       |       |     2 ||     2
Evoke: Wand              |       |       |     3 |     1 |    15 |     1 |       |     2 |     7 ||    29
  Use: Scroll            |     7 |     3 |     5 |    10 |     8 |     5 |     3 |    17 |    19 ||    77
       Potion            |       |     3 |     1 |     3 |     3 |    12 |     1 |     7 |    33 ||    63
 Stab: Paralysed         |       |       |    15 |    49 |   105 |   169 |   145 |   219 |   239 ||   941
       Distracted        |       |       |       |       |       |     1 |       |       |       ||     1
Armor: Scale mail        |    32 |    39 |    48 |       |       |       |       |       |       ||   119
       Skin              |       |     1 |     2 |       |       |       |       |       |       ||     3
       Plate armour      |       |       |    74 |   222 |   483 |   864 |   328 |    75 |       ||  2046
       Gold dragon scale |       |       |       |       |       |       |       |   438 |   537 ||   975
Dodge: Dodged            |    20 |    51 |   110 |   199 |   491 |   792 |   266 |   332 |   480 ||  2741
Block: Kite shield       |    44 |    32 |   146 |   241 |   634 |  1635 |       |       |       ||  2732
       Reflection        |       |       |       |       |     6 |    26 |    35 |    10 |    46 ||   123
       Tower shield      |       |       |       |       |       |       |  1054 |  1404 |  1419 ||  3877

Table legend: (Time is in decaauts)
 A = Elapsed time spent in this place.
 B = Non-inter-level travel time spent in this place.
 C = Inter-level travel time spent in this place.
 D = Time resting spent in this place.
 E = Time spent auto-exploring this place.
 F = Levels seen in this place.
 G = Mean time per level.
                   A        B        C        D        E       F      G
               +--------+--------+--------+--------+--------+-----+--------+
         Total |  74963 |  71302 |   3661 |  24530 |  31111 |  52 | 1441.6 |
       Dungeon |  15184 |  13858 |   1326 |   2060 |   8426 |  15 | 1012.3 |
          Lair |   6430 |   5928 |    502 |   1066 |   3443 |   6 | 1071.7 |
         Swamp |   7323 |   7182 |    141 |   3733 |   1917 |   4 | 1830.8 |
   Spider Nest |   5874 |   5705 |    169 |   2395 |   1828 |   4 | 1468.5 |
  Orcish Mines |   3466 |   3383 |     83 |   1403 |   1202 |   2 | 1733.0 |
        Vaults |  11140 |  10503 |    637 |   4485 |   4118 |   5 | 2228.0 |
         Crypt |   5671 |   5455 |    216 |   2135 |   2199 |   3 | 1890.3 |
        Depths |   9398 |   8989 |    409 |   3131 |   4272 |   5 | 1879.6 |
           Zot |   7938 |   7762 |    176 |   3175 |   3135 |   5 | 1587.6 |
      Ice Cave |    802 |    802 |      0 |    422 |     82 |   1 |  802.0 |
       Volcano |    482 |    482 |      0 |     53 |    110 |   1 |  482.0 |
        Wizlab |   1250 |   1250 |      0 |    467 |    376 |   1 | 1250.0 |
               +--------+--------+--------+--------+--------+-----+--------+

Top non-repeatable levels by time:
Vaults:4: 3325 daAuts
   Zot:3: 2486 daAuts
 Crypt:3: 2475 daAuts
Vaults:5: 2444 daAuts
Depths:3: 2395 daAuts
   Orc:2: 2287 daAuts
Vaults:2: 2274 daAuts
Depths:4: 2140 daAuts
 Swamp:2: 2130 daAuts
Spider:3: 1987 daAuts
 Swamp:3: 1926 daAuts
Spider:4: 1831 daAuts
Depths:1: 1789 daAuts
 Swamp:4: 1730 daAuts
Vaults:3: 1697 daAuts
